Canucks vs Sharks

Created - 20 septembre 2021 at 13:26

Simulating a Pre-Season

Goals
1 2 3 T
Canucks 0 1 1 2
Sharks 0 1 2 3
Shots
1 2 3 T
Canucks 18 12 12 42
Sharks 15 14 13 42

1st period

No Goal

Penalties :
Mika Zibanejad (VAN) for Hooking (Minor) at 3:36

2nd period

1. Canucks , Alex Tuch 1 (Dominik Kubalik 1, Darnell Nurse 1) at 3:15
2. Sharks , Teuvo Teravainen 1 (Dylan Larkin 1, Oliver Wahlstrom 1) at 12:39

Penalties :
Jordan Martinook (VAN) for High sticking (Minor) at 4:43, Mark Borowiecki (SJS) for Roughing (Minor) at 14:20

3rd period

3. Sharks , Kasperi Kapanen 1 (Dylan Larkin 2) at 4:28 (PP)
4. Canucks , Alex Tuch 2 (Dominik Kubalik 2, Ryan Getzlaf 1) at 10:26
5. Sharks , Teuvo Teravainen 2 (Shea Theodore 1, Dylan Larkin 3) at 18:10 (PP)

Penalties :
Darnell Nurse (VAN) for Roughing (Minor) at 4:18, Quinn Hughes (VAN) for Holding (Minor) at 17:33

Goalie Stats

Ben Bishop (VAN), 39 saves from 42 shots - (0,929), L, 0-1-0, 59:02 minutes
Darcy Kuemper (SJS), 40 saves from 42 shots - (0,952), W, 1-0-0, 60:00 minutes

Players Stats for Canucks

Player Name              G  A  P  +/- PIM S  H  SB GA TA FO     MP     PP MP  PK MP  
------------------------------------------------------------------------------------
Alex Killorn             0  0  0   0  0   2  2  0  0  0  2/2    21:08   1:07   1:01 
Alex Tuch                2  0  2   2  0   7  0  0  0  0  0/0    15:40   0:52   0:00 
Blake Wheeler            0  0  0   0  0   6  1  0  3  1  0/1    23:12   1:07   2:44 
Charlie McAvoy           0  0  0   1  0   2  0  3  0  0  0/0    25:11   1:06   2:42 
Darnell Nurse            0  1  1   1  2   1  2  4  1  0  0/0    25:00   1:06   2:32 
Denis Gurianov           0  0  0   0  0   1  0  0  1  0  0/0     7:13   0:00   0:00 
Dominik Kubalik          0  2  2   2  0   7  0  1  3  0  0/0    17:22   0:52   1:42 
Erik Johnson             0  0  0   0  0   0  0  0  0  0  0/0    20:10   0:53   2:03 
Gustav Nyquist           0  0  0  -1  0   1  0  0  1  0  0/0    12:13   0:00   0:19 
Jason Dickinson          0  0  0  -1  0   1  2  0  0  0  2/7    11:54   0:00   0:00 
Jordan Martinook         0  0  0   0  2   1  1  1  0  0  0/2     7:33   0:00   0:00 
Matt Grzelcyk            0  0  0   0  0   2  1  0  0  0  0/0     9:57   0:00   0:10 
Michael McLeod           0  0  0  -1  0   0  0  0  0  1  0/1    13:42   0:00   1:27 
Mika Zibanejad           0  0  0   0  2   7  0  0  0  0  17/29  21:50   1:07   1:44 
Oscar Klefbom            0  0  0   0  0   2  2  3  0  0  0/0    20:10   0:53   2:03 
Pierre Engvall           0  0  0   0  0   1  3  0  0  0  0/0     7:13   0:00   0:00 
Quinn Hughes             0  0  0   0  2   0  1  0  0  0  0/0     9:46   0:00   0:00 
Ryan Getzlaf             0  1  1   2  0   1  1  0  0  1  10/20  16:13   0:52   0:33 
Urho Vaakanainen         0  0  0   0  0   0  0  1  0  1  0/0     4:52   0:00   0:00 
Victor Mete              0  0  0   0  0   0  0  0  0  0  0/0     4:52   0:00   0:00 

Players Stats for Sharks

Player Name              G  A  P  +/- PIM S  H  SB GA TA FO     MP     PP MP  PK MP  
------------------------------------------------------------------------------------
Alex Pietrangelo         0  0  0   0  0   3  1  2  0  2  0/0    25:28   2:48   1:24 
Boone Jenner             0  0  0  -1  0   5  1  1  0  0  10/13  15:24   0:00   0:55 
Brett Kulak              0  0  0  -1  0   0  0  0  0  1  0/0    14:00   0:00   0:06 
Colton Sceviour          0  0  0   0  0   1  2  1  0  0  0/0     8:50   0:00   0:55 
Dylan Larkin             0  3  3   1  0   3  3  1  2  0  7/20   18:29   2:21   0:00 
Gabriel Landeskog        0  0  0  -1  0   1  0  1  0  1  1/2    18:23   2:24   0:09 
Jonathan Huberdeau       0  0  0  -1  0   6  1  1  0  1  0/0    18:33   2:24   0:09 
Juho Lammikko            0  0  0   0  0   0  0  0  0  0  0/0     7:44   0:00   0:55 
Justin Braun             0  0  0   0  0   2  1  2  0  0  0/0    22:10   1:57   1:01 
K'Andre Miller           0  0  0   1  0   0  2  0  0  1  0/0    19:11   1:57   0:35 
Kasperi Kapanen          1  0  1  -1  0   4  0  2  0  0  0/1    16:51   2:21   0:00 
Mark Borowiecki          0  0  0   0  2   1  7  2  0  0  0/0    18:06   0:00   0:00 
Michael Raffl            0  0  0   0  0   4  1  0  0  1  2/3     7:44   0:00   0:55 
Oliver Wahlstrom         0  1  1   1  0   0  3  1  0  0  0/0    15:57   0:00   0:00 
Robert Thomas            0  0  0  -1  0   0  1  0  0  0  1/1    13:23   0:00   0:00 
Shea Theodore            0  1  1  -2  0   1  0  1  1  1  0/0    21:05   2:48   0:52 
Sidney Crosby            0  0  0  -1  0   3  0  0  0  0  10/20  18:13   2:24   0:00 
Teuvo Teravainen         2  0  2   1  0   8  1  1  1  1  0/2    18:29   2:21   0:00 

3 Stars

1 - Teuvo Teravainen (SJS)
2 - Alex Tuch (VAN)
3 - Darcy Kuemper (SJS)

Power Play

Canucks - 0 on 1 Attempt(s) - 0,00%
Sharks - 2 on 4 Attempt(s) - 50,00%

Penalty Kill

Canucks - 2 on 4 Attempt(s) - 50,00% - Score 0 goal in Penalty Kill
Sharks - 1 on 1 Attempt(s) - 100,00% - Score 0 goal in Penalty Kill

Team Stat

Canucks - Hits : 16 - Faceoff Wins : 31 - Blocked Shots : 13 - Penalty Minutes : 8
Sharks - Hits : 24 - Faceoff Wins : 31 - Blocked Shots : 16 - Penalty Minutes : 2

Official

Referees : Dan Kelly and Sean MacFarlane
Linesman : Stephen Drain and Ken Bonham

Game Notes

No Game Note

Canucks

5 vs 5 Forward 
   Center                   Left Wing                Right Wing               Time % Phy DF OF 
 1 Mika Zibanejad           Blake Wheeler            Alex Killorn             40     1   2  2  
 2 Ryan Getzlaf             Dominik Kubalik          Alex Tuch                30     1   2  2  
 3 Jason Dickinson          Gustav Nyquist           Michael McLeod           20     1   2  2  
 4 Jordan Martinook         Denis Gurianov           Pierre Engvall           10     1   2  2  

5 vs 5 Defense 
   Defense                  Defense                                           Time % Phy DF OF 
 1 Darnell Nurse            Charlie McAvoy                                    40     1   2  2  
 2 Oscar Klefbom            Erik Johnson                                      30     1   2  2  
 3 Quinn Hughes             Matt Grzelcyk                                     20     1   2  2  
 4 Victor Mete              Urho Vaakanainen                                  10     1   2  2  

PowerPlay Forward 
   Center                   Left Wing                Right Wing               Time % Phy DF OF 
 1 Mika Zibanejad           Blake Wheeler            Alex Killorn             60     1   2  2  
 2 Ryan Getzlaf             Dominik Kubalik          Alex Tuch                40     1   2  2  

PowerPlay Defense
   Defense                  Defense                                           Time % Phy DF OF 
 1 Darnell Nurse            Charlie McAvoy                                    60     1   2  2  
 2 Oscar Klefbom            Erik Johnson                                      40     1   2  2  

Penalty Kill 4 Players Forward 
   Center                   Wing                     Time % Phy DF OF 
 1 Mika Zibanejad           Blake Wheeler            60     1   2  2  
 2 Alex Killorn             Dominik Kubalik          40     1   2  2  

Penalty Kill 4 Players Defense
   Defense                  Defense                  Time % Phy DF OF 
 1 Darnell Nurse            Charlie McAvoy           60     1   2  2  
 2 Oscar Klefbom            Erik Johnson             40     1   2  2  

Penalty Kill - 3 Players Forward 
   Forward                                           Time % Phy DF OF 
 1 Mika Zibanejad                                    60     1   2  2  
 2 Blake Wheeler                                     40     1   2  2  

Penalty Kill - 3 Players Defense
   Defense                  Defense                  Time % Phy DF OF 
 1 Darnell Nurse            Charlie McAvoy           60     1   2  2  
 2 Oscar Klefbom            Erik Johnson             40     1   2  2  

4 vs 4 Forward 
   Center                   Wing                     Time % Phy DF OF 
 1 Mika Zibanejad           Blake Wheeler            60     1   2  2  
 2 Alex Killorn             Dominik Kubalik          40     1   2  2  

4 vs 4 Defense
   Defense                  Defense                  Time % Phy DF OF 
 1 Darnell Nurse            Charlie McAvoy           60     1   2  2  
 2 Oscar Klefbom            Erik Johnson             40     1   2  2  

Last Minutes Offensive
   Center                   Left Wing                Right Wing               Defense                  Defense                  
   Mika Zibanejad           Blake Wheeler            Alex Killorn             Darnell Nurse            Charlie McAvoy           

Last Minutes Defensive
   Center                   Left Wing                Right Wing               Defense                  Defense                  
   Mika Zibanejad           Blake Wheeler            Alex Killorn             Darnell Nurse            Charlie McAvoy           

Goaltenders
Starting : Ben Bishop               
Backup : Chris Driedger           

Extra Forwards
Normal : Gustav Nyquist, Jason Dickinson, Michael McLeod - PP : Gustav Nyquist, Jason Dickinson - PK : Michael McLeod
Extra Defensemen
Normal : Quinn Hughes, Matt Grzelcyk, Victor Mete - PP : Quinn Hughes - PK : Matt Grzelcyk, Victor Mete
Penalty Shots
Mika Zibanejad, Blake Wheeler, Alex Killorn, Dominik Kubalik, Alex Tuch
Custom OT Lines Forwards
Mika Zibanejad, Blake Wheeler, Alex Killorn, Dominik Kubalik, Alex Tuch, Ryan Getzlaf, Gustav Nyquist, Jason Dickinson, Michael McLeod, Denis Gurianov
Custom OT Lines Defensemen
Darnell Nurse, Charlie McAvoy, Oscar Klefbom, Erik Johnson, Quinn Hughes

Scratches
None

Sharks

5 vs 5 Forward 
   Center                   Left Wing                Right Wing               Time % Phy DF OF 
 1 Dylan Larkin             Teuvo Teravainen         Oliver Wahlstrom         33     0   2  3  
 2 Sidney Crosby            Jonathan Huberdeau       Gabriel Landeskog        33     0   1  4  
 3 Boone Jenner             Kasperi Kapanen          Robert Thomas            28     1   2  2  
 4 Michael Raffl            Juho Lammikko            Colton Sceviour          6      1   3  1  

5 vs 5 Defense 
   Defense                  Defense                                           Time % Phy DF OF 
 1 Alex Pietrangelo         K'Andre Miller                                    33     1   2  2  
 2 Justin Braun             Mark Borowiecki                                   33     1   2  2  
 3 Brett Kulak              Shea Theodore                                     25     1   3  1  
 4 Alex Pietrangelo         Shea Theodore                                     9      1   2  2  

PowerPlay Forward 
   Center                   Left Wing                Right Wing               Time % Phy DF OF 
 1 Sidney Crosby            Gabriel Landeskog        Jonathan Huberdeau       50     0   1  4  
 2 Dylan Larkin             Teuvo Teravainen         Kasperi Kapanen          50     0   2  3  

PowerPlay Defense
   Defense                  Defense                                           Time % Phy DF OF 
 1 Alex Pietrangelo         Shea Theodore                                     50     0   2  3  
 2 K'Andre Miller           Justin Braun                                      50     0   2  3  

Penalty Kill 4 Players Forward 
   Center                   Wing                     Time % Phy DF OF 
 1 Boone Jenner             Colton Sceviour          50     0   4  1  
 2 Michael Raffl            Juho Lammikko            50     0   4  1  

Penalty Kill 4 Players Defense
   Defense                  Defense                  Time % Phy DF OF 
 1 Alex Pietrangelo         Shea Theodore            50     0   4  1  
 2 Justin Braun             Mark Borowiecki          50     0   4  1  

Penalty Kill - 3 Players Forward 
   Forward                                           Time % Phy DF OF 
 1 Boone Jenner                                      60     0   4  0  
 2 Michael Raffl                                     40     1   4  0  

Penalty Kill - 3 Players Defense
   Defense                  Defense                  Time % Phy DF OF 
 1 Alex Pietrangelo         Shea Theodore            60     1   4  0  
 2 Justin Braun             K'Andre Miller           40     1   4  0  

4 vs 4 Forward 
   Center                   Wing                     Time % Phy DF OF 
 1 Sidney Crosby            Gabriel Landeskog        50     0   2  3  
 2 Dylan Larkin             Jonathan Huberdeau       50     0   2  3  

4 vs 4 Defense
   Defense                  Defense                  Time % Phy DF OF 
 1 Alex Pietrangelo         Shea Theodore            50     1   2  2  
 2 K'Andre Miller           Justin Braun             50     1   2  2  

Last Minutes Offensive
   Center                   Left Wing                Right Wing               Defense                  Defense                  
   Sidney Crosby            Gabriel Landeskog        Dylan Larkin             Alex Pietrangelo         Justin Braun             

Last Minutes Defensive
   Center                   Left Wing                Right Wing               Defense                  Defense                  
   Boone Jenner             Kasperi Kapanen          Colton Sceviour          Justin Braun             Alex Pietrangelo         

Goaltenders
Starting : Darcy Kuemper            
Backup : Jake Allen               

Extra Forwards
Normal : Kasperi Kapanen, Robert Thomas, Dylan Larkin - PP : Kasperi Kapanen, Robert Thomas - PK : Boone Jenner
Extra Defensemen
Normal : Shea Theodore, K'Andre Miller, Mark Borowiecki - PP : Shea Theodore - PK : Mark Borowiecki, Justin Braun
Penalty Shots
Sidney Crosby, Gabriel Landeskog, Dylan Larkin, Jonathan Huberdeau, Teuvo Teravainen
Custom OT Lines Forwards
Sidney Crosby, Gabriel Landeskog, Dylan Larkin, Jonathan Huberdeau, Teuvo Teravainen, Boone Jenner, Kasperi Kapanen, Robert Thomas, Oliver Wahlstrom, Colton Sceviour
Custom OT Lines Defensemen
Alex Pietrangelo, Shea Theodore, K'Andre Miller, Mark Borowiecki, Justin Braun

Scratches
Eric Comrie (Healthy)

% Time on Ice - Canucks

Lines # - Real PCT - Wanted PCT - Time Play
Normal Forward
1 - 35% - 40% - 18:16
2 - 28% - 30% - 14:48
3 - 23% - 20% - 11:54
4 - 14% - 10% - 7:13
Normal Defense
1 - 41% - 40% - 21:23
2 - 31% - 30% - 16:09
3 - 19% - 20% - 9:47
4 - 9% - 10% - 4:52
PP Forward
1 - 56% - 60% - 1:07
2 - 44% - 40% - 0:52
PP Defense
1 - 55% - 60% - 1:06
2 - 45% - 40% - 0:53
PK Forward
1 - 79% - 60% - 3:44
2 - 21% - 40% - 1:01
PK Defense
1 - 57% - 60% - 2:42
2 - 43% - 40% - 2:03
PK3 Forward
1 - 0% - 60%
2 - 0% - 40%
PK3 Defense
1 - 0% - 60%
2 - 0% - 40%
44 Forward
1 - 0% - 60%
2 - 0% - 40%
44 Defense
1 - 0% - 60%
2 - 0% - 40%
Last Minute Offensive  - 1:05
Last Minute Defensive  - 0:00
Total
Forward - 60:00
Defense - 60:00

% Time on Ice - Sharks

Lines # - Real PCT - Wanted PCT - Time Play
Normal Forward
1 - 31% - 33% - 15:57
2 - 31% - 33% - 16:01
3 - 26% - 28% - 13:23
4 - 13% - 6% - 6:49
Normal Defense
1 - 33% - 33% - 17:07
2 - 35% - 33% - 18:07
3 - 26% - 25% - 13:30
4 - 7% - 9% - 3:26
PP Forward
1 - 51% - 50% - 2:24
2 - 49% - 50% - 2:21
PP Defense
1 - 59% - 50% - 2:48
2 - 41% - 50% - 1:57
PK Forward
1 - 46% - 50% - 0:55
2 - 54% - 50% - 1:04
PK Defense
1 - 44% - 50% - 0:52
2 - 56% - 50% - 1:07
PK3 Forward
1 - 0% - 60%
2 - 0% - 40%
PK3 Defense
1 - 0% - 60%
2 - 0% - 40%
44 Forward
1 - 0% - 50%
2 - 0% - 50%
44 Defense
1 - 0% - 50%
2 - 0% - 50%
Last Minute Offensive  - 0:00
Last Minute Defensive  - 1:06
Total
Forward - 60:00
Defense - 60:00

Play-by-Play

1st period


0:01 of 1st period - Dylan Larkin wins face-off versus Mika Zibanejad in neutral zone.
0:16 of 1st period - Snap shot by Dylan Larkin.
0:16 of 1st period - Shot Misses the Net.
0:34 of 1st period - Off-side.
0:35 of 1st period - Boone Jenner wins face-off versus Jason Dickinson in neutral zone.
0:46 of 1st period - Wrist shot by Kasperi Kapanen.
0:46 of 1st period - Deflect By Boone Jenner.
0:46 of 1st period - Shot Blocked by Oscar Klefbom.
0:46 of 1st period - Puck is out of play.
0:47 of 1st period - Michael Raffl wins face-off versus Jordan Martinook in Canucks zone.
0:54 of 1st period - Michael Raffl is hit by Quinn Hughes and loses puck.
1:42 of 1st period - Michael McLeod is hit by Mark Borowiecki and loses puck.
2:41 of 1st period - Wrist shot by Alex Tuch.
2:41 of 1st period - Stopped by Darcy Kuemper with a rebound.
2:49 of 1st period - Slapshot by Michael Raffl.
2:49 of 1st period - Shot Blocked by Darnell Nurse.
2:51 of 1st period - Slapshot by Michael Raffl.
2:51 of 1st period - Shot Blocked by Jordan Martinook.
3:09 of 1st period - Backhand shot by Boone Jenner.
3:09 of 1st period - Stopped by Ben Bishop with a rebound.
3:27 of 1st period - Wrist shot by Teuvo Teravainen.
3:27 of 1st period - Stopped by Ben Bishop without a rebound.
3:28 of 1st period - Dylan Larkin wins face-off versus Blake Wheeler in Canucks zone.
3:29 of 1st period - Snap shot by Teuvo Teravainen.
3:29 of 1st period - Shot Blocked by Urho Vaakanainen.
3:31 of 1st period - Slapshot by Justin Braun.
3:31 of 1st period - Shot Misses the Net.
3:36 of 1st period - Minor Penalty to Mika Zibanejad for Hooking.
3:37 of 1st period - Sidney Crosby wins face-off versus Michael McLeod in Canucks zone.
3:39 of 1st period - Wrist shot by Sidney Crosby.
3:39 of 1st period - Shot Misses the Net.
4:02 of 1st period - Michael McLeod is hit by Dylan Larkin.
5:36 of 1st period - Penalty to Mika Zibanejad is over, Mika Zibanejad is back on ice.
5:53 of 1st period - Slapshot by Shea Theodore.
5:53 of 1st period - Shot Blocked by Oscar Klefbom.
5:55 of 1st period - Slapshot by Alex Pietrangelo.
5:55 of 1st period - Stopped by Ben Bishop without a rebound.
5:56 of 1st period - Michael Raffl wins face-off versus Ryan Getzlaf in Canucks zone.
6:24 of 1st period - Snap shot by Kasperi Kapanen.
6:24 of 1st period - Deflect By Boone Jenner.
6:24 of 1st period - Stopped by Ben Bishop with a rebound.
6:51 of 1st period - Backhand shot by Denis Gurianov.
6:51 of 1st period - Shot Blocked by Alex Pietrangelo.
6:53 of 1st period - Wrist shot by Pierre Engvall.
6:53 of 1st period - Stopped by Darcy Kuemper without a rebound.
6:54 of 1st period - Gabriel Landeskog wins face-off versus Ryan Getzlaf in Sharks zone.
6:54 of 1st period - Gabriel Landeskog is hit by Ryan Getzlaf.
7:28 of 1st period - Snap shot by Mika Zibanejad.
7:28 of 1st period - Shot Misses the Net.
7:30 of 1st period - Slapshot by Charlie McAvoy.
7:30 of 1st period - Stopped by Darcy Kuemper with a rebound.
7:32 of 1st period - Slapshot by Charlie McAvoy.
7:32 of 1st period - Shot Misses the Net.
8:21 of 1st period - Off-side.
8:22 of 1st period - Mika Zibanejad wins face-off versus Sidney Crosby in neutral zone.
8:36 of 1st period - Wrist shot by Mika Zibanejad.
8:36 of 1st period - Stopped by Darcy Kuemper with a rebound.
8:48 of 1st period - Darnell Nurse is hit by Justin Braun and loses puck.
9:15 of 1st period - Justin Braun is hit by Pierre Engvall and loses puck.
10:14 of 1st period - Ryan Getzlaf is hit by Oliver Wahlstrom and loses puck.
11:06 of 1st period - Wrist shot by Gustav Nyquist.
11:06 of 1st period - Stopped by Darcy Kuemper with a rebound.
11:08 of 1st period - Snap shot by Gustav Nyquist.
11:08 of 1st period - Shot Misses the Net.
11:10 of 1st period - Wrist shot by Jason Dickinson.
11:10 of 1st period - Stopped by Darcy Kuemper without a rebound.
11:11 of 1st period - Mika Zibanejad wins face-off versus Dylan Larkin in Sharks zone.
11:40 of 1st period - Wrist shot by Dominik Kubalik.
11:40 of 1st period - Stopped by Darcy Kuemper without a rebound.
11:41 of 1st period - Ryan Getzlaf wins face-off versus Sidney Crosby in Sharks zone.
11:48 of 1st period - Snap shot by Alex Tuch.
11:48 of 1st period - Shot Blocked by Jonathan Huberdeau.
11:50 of 1st period - Wrist shot by Alex Tuch.
11:50 of 1st period - Deflect By Dominik Kubalik.
11:50 of 1st period - Stopped by Darcy Kuemper without a rebound.
11:51 of 1st period - Alex Killorn wins face-off versus Teuvo Teravainen in Sharks zone.
11:54 of 1st period - Wrist shot by Blake Wheeler.
11:54 of 1st period - Stopped by Darcy Kuemper without a rebound.
11:55 of 1st period - Dylan Larkin wins face-off versus Mika Zibanejad in Sharks zone.
12:02 of 1st period - Snap shot by Dylan Larkin.
12:02 of 1st period - Stopped by Ben Bishop without a rebound.
12:03 of 1st period - Boone Jenner wins face-off versus Mika Zibanejad in Canucks zone.
12:08 of 1st period - Wrist shot by Boone Jenner.
12:08 of 1st period - Stopped by Ben Bishop with a rebound.
12:10 of 1st period - Slapshot by Alex Pietrangelo.
12:10 of 1st period - Stopped by Ben Bishop with a rebound.
12:12 of 1st period - Snap shot by Boone Jenner.
12:12 of 1st period - Stopped by Ben Bishop without a rebound.
12:13 of 1st period - Alex Killorn wins face-off versus Boone Jenner in Canucks zone.
12:22 of 1st period - Snap shot by Blake Wheeler.
12:22 of 1st period - Stopped by Darcy Kuemper with a rebound.
12:24 of 1st period - Wrist shot by Mika Zibanejad.
12:24 of 1st period - Stopped by Darcy Kuemper with a rebound.
12:26 of 1st period - Slapshot by Charlie McAvoy.
12:26 of 1st period - Stopped by Darcy Kuemper without a rebound.
12:27 of 1st period - Mika Zibanejad wins face-off versus Dylan Larkin in Sharks zone.
12:54 of 1st period - Dominik Kubalik is hit by K'Andre Miller and loses puck.
13:05 of 1st period - Backhand shot by Sidney Crosby.
13:05 of 1st period - Shot Blocked by Dominik Kubalik.
13:30 of 1st period - Wrist shot by Alex Pietrangelo.
13:30 of 1st period - Deflect By Kasperi Kapanen.
13:30 of 1st period - Shot Blocked by Oscar Klefbom.
13:30 of 1st period - Puck is out of play.
13:31 of 1st period - Mika Zibanejad wins face-off versus Dylan Larkin in Canucks zone.
14:08 of 1st period - Slapshot by Mika Zibanejad.
14:08 of 1st period - Stopped by Darcy Kuemper with a rebound.
14:10 of 1st period - Snap shot by Blake Wheeler.
14:10 of 1st period - Shot Misses the Net.
14:12 of 1st period - Wrist shot by Blake Wheeler.
14:12 of 1st period - Shot Blocked by Boone Jenner.
14:14 of 1st period - Slapshot by Alex Killorn.
14:14 of 1st period - Shot Blocked by Kasperi Kapanen.
14:16 of 1st period - Slapshot by Matt Grzelcyk.
14:16 of 1st period - Stopped by Darcy Kuemper with a rebound.
14:23 of 1st period - Snap shot by Blake Wheeler.
14:23 of 1st period - Stopped by Darcy Kuemper without a rebound.
14:24 of 1st period - Sidney Crosby wins face-off versus Ryan Getzlaf in Sharks zone.
14:37 of 1st period - Slapshot by Gabriel Landeskog.
14:37 of 1st period - Shot Misses the Net.
14:43 of 1st period - Erik Johnson is hit by Mark Borowiecki and loses puck.
15:08 of 1st period - Slapshot by Gabriel Landeskog.
15:08 of 1st period - Stopped by Ben Bishop with a rebound.
15:10 of 1st period - Slapshot by Justin Braun.
15:10 of 1st period - Shot Misses the Net.
15:12 of 1st period - Wrist shot by Mark Borowiecki.
15:12 of 1st period - Stopped by Ben Bishop without a rebound.
15:13 of 1st period - Dylan Larkin wins face-off versus Jason Dickinson in Canucks zone.
15:16 of 1st period - Slapshot by Teuvo Teravainen.
15:16 of 1st period - Stopped by Ben Bishop with a rebound.
15:18 of 1st period - Slapshot by Alex Pietrangelo.
15:18 of 1st period - Stopped by Ben Bishop without a rebound.
15:19 of 1st period - Jason Dickinson wins face-off versus Dylan Larkin in Canucks zone.
15:28 of 1st period - Wrist shot by Michael McLeod.
15:28 of 1st period - Shot Blocked by Teuvo Teravainen.
16:10 of 1st period - Wrist shot by Jonathan Huberdeau.
16:10 of 1st period - Stopped by Ben Bishop without a rebound.
16:11 of 1st period - Sidney Crosby wins face-off versus Ryan Getzlaf in Canucks zone.
16:12 of 1st period - Backhand shot by Jonathan Huberdeau.
16:12 of 1st period - Stopped by Ben Bishop without a rebound.
16:13 of 1st period - Ryan Getzlaf wins face-off versus Sidney Crosby in Canucks zone.
16:18 of 1st period - Jonathan Huberdeau is hit by Darnell Nurse and loses puck.
16:33 of 1st period - Wrist shot by Jonathan Huberdeau.
16:33 of 1st period - Shot Blocked by Darnell Nurse.
17:26 of 1st period - Snap shot by Dominik Kubalik.
17:26 of 1st period - Shot Misses the Net.
17:28 of 1st period - Snap shot by Dominik Kubalik.
17:28 of 1st period - Stopped by Darcy Kuemper without a rebound.
17:29 of 1st period - Mika Zibanejad wins face-off versus Dylan Larkin in Sharks zone.
17:32 of 1st period - Backhand shot by Alex Killorn.
17:32 of 1st period - Shot Blocked by Dylan Larkin.
17:38 of 1st period - Snap shot by Alex Killorn.
17:38 of 1st period - Shot Blocked by Justin Braun.
17:40 of 1st period - Slapshot by Blake Wheeler.
17:40 of 1st period - Stopped by Darcy Kuemper with a rebound.
17:42 of 1st period - Wrist shot by Mika Zibanejad.
17:42 of 1st period - Shot Misses the Net.
17:44 of 1st period - Slapshot by Quinn Hughes.
17:44 of 1st period - Shot Blocked by Mark Borowiecki.
17:49 of 1st period - Icing by Dylan Larkin.
17:50 of 1st period - Ryan Getzlaf wins face-off versus Dylan Larkin in Sharks zone.
17:55 of 1st period - Snap shot by Dominik Kubalik.
17:55 of 1st period - Stopped by Darcy Kuemper with a rebound.
17:57 of 1st period - Slapshot by Darnell Nurse.
17:57 of 1st period - Shot Blocked by Mark Borowiecki.
18:05 of 1st period - Teuvo Teravainen is hit by Darnell Nurse.
18:35 of 1st period - Snap shot by Dylan Larkin.
18:35 of 1st period - Stopped by Ben Bishop without a rebound.
18:36 of 1st period - Mika Zibanejad wins face-off versus Boone Jenner in Canucks zone.
19:52 of 1st period - Jordan Martinook is hit by Michael Raffl and loses puck.
Goals for this period are 0 for Canucks vs 0 for Sharks.
Shots for this period are 18 for Canucks vs 15 for Sharks.

2nd period


0:01 of 2nd period - Sidney Crosby wins face-off versus Mika Zibanejad in neutral zone.
0:37 of 2nd period - Jonathan Huberdeau is hit by Oscar Klefbom and loses puck.
1:22 of 2nd period - Wrist shot by Jonathan Huberdeau.
1:22 of 2nd period - Stopped by Ben Bishop without a rebound.
1:23 of 2nd period - Mika Zibanejad wins face-off versus Dylan Larkin in Canucks zone.
1:23 of 2nd period - Mika Zibanejad is hit by Mark Borowiecki.
1:46 of 2nd period - Blake Wheeler is hit by Mark Borowiecki and loses puck.
1:55 of 2nd period - Snap shot by Dylan Larkin.
1:55 of 2nd period - Stopped by Ben Bishop without a rebound.
1:56 of 2nd period - Ryan Getzlaf wins face-off versus Kasperi Kapanen in Canucks zone.
1:56 of 2nd period - Ryan Getzlaf is hit by Robert Thomas.
2:26 of 2nd period - Slapshot by Justin Braun.
2:26 of 2nd period - Stopped by Ben Bishop with a rebound.
2:53 of 2nd period - Snap shot by Teuvo Teravainen.
2:53 of 2nd period - Stopped by Ben Bishop with a rebound.
2:55 of 2nd period - Snap shot by Justin Braun.
2:55 of 2nd period - Stopped by Ben Bishop without a rebound.
2:56 of 2nd period - Boone Jenner wins face-off versus Ryan Getzlaf in Canucks zone.
2:59 of 2nd period - Wrist shot by Kasperi Kapanen.
2:59 of 2nd period - Stopped by Ben Bishop without a rebound.
3:00 of 2nd period - Ryan Getzlaf wins face-off versus Boone Jenner in Canucks zone.
3:13 of 2nd period - Snap shot by Alex Tuch.
3:13 of 2nd period - Stopped by Darcy Kuemper with a rebound.
3:15 of 2nd period - Wrist shot by Alex Tuch.
3:15 of 2nd period - Goal by Alex Tuch - Canucks : 1 - Sharks : 0.
3:16 of 2nd period - Mika Zibanejad wins face-off versus Dylan Larkin in neutral zone.
4:08 of 2nd period - Shea Theodore is hit by Jason Dickinson and loses puck.
4:13 of 2nd period - Wrist shot by Gustav Nyquist.
4:13 of 2nd period - Shot Misses the Net.
4:29 of 2nd period - Wrist shot by Teuvo Teravainen.
4:29 of 2nd period - Stopped by Ben Bishop with a rebound.
4:43 of 2nd period - Minor Penalty to Jordan Martinook for High sticking.
4:44 of 2nd period - Mika Zibanejad wins face-off versus Dylan Larkin in Canucks zone.
4:55 of 2nd period - Wrist shot by Teuvo Teravainen.
4:55 of 2nd period - Shot Blocked by Charlie McAvoy.
6:43 of 2nd period - Penalty to Jordan Martinook is over, Jordan Martinook is back on ice.
6:57 of 2nd period - Slapshot by Shea Theodore.
6:57 of 2nd period - Deflect By Michael Raffl.
6:57 of 2nd period - Stopped by Ben Bishop with a rebound.
7:21 of 2nd period - Juho Lammikko is hit by Jordan Martinook.
7:55 of 2nd period - K'Andre Miller is hit by Pierre Engvall and loses puck.
8:06 of 2nd period - Wrist shot by Kasperi Kapanen.
8:06 of 2nd period - Stopped by Ben Bishop with a rebound.
8:16 of 2nd period - Quinn Hughes is hit by Dylan Larkin and loses puck.
8:43 of 2nd period - Kasperi Kapanen is hit by Alex Killorn and loses puck.
8:58 of 2nd period - Snap shot by Jordan Martinook.
8:58 of 2nd period - Stopped by Darcy Kuemper with a rebound.
9:38 of 2nd period - Michael McLeod is hit by Oliver Wahlstrom and loses puck.
10:00 of 2nd period - Charlie McAvoy is hit by Jonathan Huberdeau and loses puck.
10:24 of 2nd period - Dominik Kubalik is hit by Colton Sceviour and loses puck.
10:43 of 2nd period - Mark Borowiecki is hit by Blake Wheeler and loses puck.
11:37 of 2nd period - Slapshot by Michael Raffl.
11:37 of 2nd period - Stopped by Ben Bishop with a rebound.
11:39 of 2nd period - Wrist shot by Michael Raffl.
11:39 of 2nd period - Stopped by Ben Bishop without a rebound.
11:40 of 2nd period - Mika Zibanejad wins face-off versus Michael Raffl in Canucks zone.
12:06 of 2nd period - Teuvo Teravainen is hit by Jason Dickinson and loses puck.
12:22 of 2nd period - Jason Dickinson is hit by K'Andre Miller and loses puck.
12:39 of 2nd period - Wrist shot by Teuvo Teravainen.
12:39 of 2nd period - Goal by Teuvo Teravainen - Canucks : 1 - Sharks : 1.
12:40 of 2nd period - Sidney Crosby wins face-off versus Mika Zibanejad in neutral zone.
12:48 of 2nd period - Off-side.
12:49 of 2nd period - Mika Zibanejad wins face-off versus Sidney Crosby in neutral zone.
13:04 of 2nd period - Snap shot by Sidney Crosby.
13:04 of 2nd period - Stopped by Ben Bishop without a rebound.
13:05 of 2nd period - Dylan Larkin wins face-off versus Ryan Getzlaf in Canucks zone.
13:14 of 2nd period - Snap shot by Alex Tuch.
13:14 of 2nd period - Stopped by Darcy Kuemper with a rebound.
13:16 of 2nd period - Wrist shot by Alex Tuch.
13:16 of 2nd period - Shot Misses the Net.
13:18 of 2nd period - Snap shot by Ryan Getzlaf.
13:18 of 2nd period - Stopped by Darcy Kuemper without a rebound.
13:19 of 2nd period - Mika Zibanejad wins face-off versus Gabriel Landeskog in Sharks zone.
14:06 of 2nd period - Wrist shot by Gustav Nyquist.
14:06 of 2nd period - Shot Blocked by Kasperi Kapanen.
14:20 of 2nd period - Minor Penalty to Mark Borowiecki for Roughing.
14:21 of 2nd period - Boone Jenner wins face-off versus Mika Zibanejad in Sharks zone.
14:32 of 2nd period - Snap shot by Mika Zibanejad.
14:32 of 2nd period - Deflect By Blake Wheeler.
14:32 of 2nd period - Stopped by Darcy Kuemper with a rebound.
14:36 of 2nd period - Slapshot by Alex Killorn.
14:36 of 2nd period - Stopped by Darcy Kuemper with a rebound.
15:51 of 2nd period - Dominik Kubalik is hit by Boone Jenner and loses puck.
16:20 of 2nd period - Penalty to Mark Borowiecki is over, Mark Borowiecki is back on ice.
16:50 of 2nd period - Icing by Pierre Engvall.
16:51 of 2nd period - Sidney Crosby wins face-off versus Jordan Martinook in Canucks zone.
17:04 of 2nd period - Sidney Crosby is hit by Pierre Engvall.
17:24 of 2nd period - Snap shot by Jonathan Huberdeau.
17:24 of 2nd period - Stopped by Ben Bishop without a rebound.
17:25 of 2nd period - Mika Zibanejad wins face-off versus Dylan Larkin in Canucks zone.
17:36 of 2nd period - Snap shot by Mika Zibanejad.
17:36 of 2nd period - Stopped by Darcy Kuemper with a rebound.
17:38 of 2nd period - Slapshot by Blake Wheeler.
17:38 of 2nd period - Shot Misses the Net.
17:40 of 2nd period - Slapshot by Alex Killorn.
17:40 of 2nd period - Stopped by Darcy Kuemper with a rebound.
17:42 of 2nd period - Slapshot by Darnell Nurse.
17:42 of 2nd period - Stopped by Darcy Kuemper with a rebound.
18:41 of 2nd period - Wrist shot by Oscar Klefbom.
18:41 of 2nd period - Stopped by Darcy Kuemper without a rebound.
18:42 of 2nd period - Mika Zibanejad wins face-off versus Teuvo Teravainen in Sharks zone.
18:49 of 2nd period - Wrist shot by Mika Zibanejad.
18:49 of 2nd period - Stopped by Darcy Kuemper with a rebound.
19:13 of 2nd period - Off-side.
19:14 of 2nd period - Boone Jenner wins face-off versus Ryan Getzlaf in neutral zone.
19:41 of 2nd period - Charlie McAvoy is hit by Mark Borowiecki and loses puck.
Goals for this period are 1 for Canucks vs 1 for Sharks.
Shots for this period are 12 for Canucks vs 14 for Sharks.

3rd period


0:01 of 3rd period - Mika Zibanejad wins face-off versus Dylan Larkin in neutral zone.
0:38 of 3rd period - Wrist shot by Mika Zibanejad.
0:38 of 3rd period - Stopped by Darcy Kuemper with a rebound.
0:40 of 3rd period - Slapshot by Erik Johnson.
0:40 of 3rd period - Deflect By Mika Zibanejad.
0:40 of 3rd period - Shot Misses the Net.
0:40 of 3rd period - Puck is out of play.
0:41 of 3rd period - Ryan Getzlaf wins face-off versus Sidney Crosby in Sharks zone.
1:35 of 3rd period - K'Andre Miller is hit by Oscar Klefbom.
1:39 of 3rd period - Snap shot by Denis Gurianov.
1:39 of 3rd period - Stopped by Darcy Kuemper with a rebound.
1:55 of 3rd period - Slapshot by Shea Theodore.
1:55 of 3rd period - Stopped by Ben Bishop with a rebound.
1:57 of 3rd period - Slapshot by Brett Kulak.
1:57 of 3rd period - Shot Misses the Net.
1:59 of 3rd period - Wrist shot by Colton Sceviour.
1:59 of 3rd period - Stopped by Ben Bishop with a rebound.
2:01 of 3rd period - Wrist shot by Michael Raffl.
2:01 of 3rd period - Stopped by Ben Bishop without a rebound.
2:02 of 3rd period - Sidney Crosby wins face-off versus Ryan Getzlaf in Canucks zone.
2:43 of 3rd period - Snap shot by Blake Wheeler.
2:43 of 3rd period - Deflect By Mika Zibanejad.
2:43 of 3rd period - Stopped by Darcy Kuemper without a rebound.
2:44 of 3rd period - Jason Dickinson wins face-off versus Sidney Crosby in Sharks zone.
2:55 of 3rd period - Snap shot by Michael McLeod.
2:55 of 3rd period - Shot Blocked by Gabriel Landeskog.
3:18 of 3rd period - Oscar Klefbom is hit by Mark Borowiecki and loses puck.
3:48 of 3rd period - Icing by Justin Braun.
3:49 of 3rd period - Boone Jenner wins face-off versus Jason Dickinson in Sharks zone.
3:54 of 3rd period - Wrist shot by Jonathan Huberdeau.
3:54 of 3rd period - Stopped by Ben Bishop without a rebound.
3:55 of 3rd period - Sidney Crosby wins face-off versus Jason Dickinson in Canucks zone.
4:18 of 3rd period - Minor Penalty to Darnell Nurse for Roughing.
4:19 of 3rd period - Mika Zibanejad wins face-off versus Dylan Larkin in Canucks zone.
4:28 of 3rd period - Wrist shot by Kasperi Kapanen.
4:28 of 3rd period - Goal by Kasperi Kapanen - Canucks : 1 - Sharks : 2.
4:29 of 3rd period - Dylan Larkin wins face-off versus Mika Zibanejad in neutral zone.
4:40 of 3rd period - Wrist shot by Oliver Wahlstrom.
4:40 of 3rd period - Shot Misses the Net.
4:42 of 3rd period - Snap shot by Teuvo Teravainen.
4:42 of 3rd period - Shot Blocked by Darnell Nurse.
4:44 of 3rd period - Slapshot by K'Andre Miller.
4:44 of 3rd period - Shot Blocked by Charlie McAvoy.
5:06 of 3rd period - Snap shot by Sidney Crosby.
5:06 of 3rd period - Stopped by Ben Bishop with a rebound.
5:44 of 3rd period - Wrist shot by Gustav Nyquist.
5:44 of 3rd period - Shot Blocked by Oliver Wahlstrom.
5:46 of 3rd period - Snap shot by Michael McLeod.
5:46 of 3rd period - Shot Blocked by Justin Braun.
5:48 of 3rd period - Snap shot by Oscar Klefbom.
5:48 of 3rd period - Deflect By Teuvo Teravainen.
5:48 of 3rd period - Stopped by Darcy Kuemper without a rebound.
5:49 of 3rd period - Ryan Getzlaf wins face-off versus Sidney Crosby in Sharks zone.
5:54 of 3rd period - Snap shot by Alex Tuch.
5:54 of 3rd period - Stopped by Darcy Kuemper without a rebound.
5:55 of 3rd period - Ryan Getzlaf wins face-off versus Sidney Crosby in Sharks zone.
6:28 of 3rd period - Snap shot by Mika Zibanejad.
6:28 of 3rd period - Shot Hit the Post.
6:30 of 3rd period - Slapshot by Matt Grzelcyk.
6:30 of 3rd period - Deflect By Alex Pietrangelo.
6:30 of 3rd period - Stopped by Darcy Kuemper with a rebound.
7:24 of 3rd period - Slapshot by Dominik Kubalik.
7:24 of 3rd period - Stopped by Darcy Kuemper without a rebound.
7:25 of 3rd period - Sidney Crosby wins face-off versus Ryan Getzlaf in Sharks zone.
7:40 of 3rd period - Wrist shot by Jonathan Huberdeau.
7:40 of 3rd period - Stopped by Ben Bishop without a rebound.
7:41 of 3rd period - Dylan Larkin wins face-off versus Mika Zibanejad in Canucks zone.
7:48 of 3rd period - Snap shot by Dylan Larkin.
7:48 of 3rd period - Shot Blocked by Charlie McAvoy.
8:16 of 3rd period - Slapshot by Kasperi Kapanen.
8:16 of 3rd period - Shot Misses the Net.
8:21 of 3rd period - Off-side.
8:22 of 3rd period - Sidney Crosby wins face-off versus Mika Zibanejad in neutral zone.
8:39 of 3rd period - Snap shot by Gabriel Landeskog.
8:39 of 3rd period - Shot Misses the Net.
8:49 of 3rd period - Mika Zibanejad is hit by Teuvo Teravainen and loses puck.
9:26 of 3rd period - Slapshot by Mika Zibanejad.
9:26 of 3rd period - Shot Misses the Net.
9:34 of 3rd period - Snap shot by Teuvo Teravainen.
9:34 of 3rd period - Stopped by Ben Bishop with a rebound.
9:36 of 3rd period - Slapshot by Justin Braun.
9:36 of 3rd period - Deflect By Teuvo Teravainen.
9:36 of 3rd period - Shot Misses the Net.
9:36 of 3rd period - Puck is out of play.
9:37 of 3rd period - Boone Jenner wins face-off versus Ryan Getzlaf in Canucks zone.
10:04 of 3rd period - Charlie McAvoy is hit by Alex Pietrangelo.
10:12 of 3rd period - Wrist shot by Sidney Crosby.
10:12 of 3rd period - Stopped by Ben Bishop without a rebound.
10:13 of 3rd period - Ryan Getzlaf wins face-off versus Sidney Crosby in Canucks zone.
10:24 of 3rd period - Snap shot by Dominik Kubalik.
10:24 of 3rd period - Shot Misses the Net.
10:26 of 3rd period - Snap shot by Alex Tuch.
10:26 of 3rd period - Goal by Alex Tuch - Canucks : 2 - Sharks : 2.
10:27 of 3rd period - Boone Jenner wins face-off versus Mika Zibanejad in neutral zone.
10:30 of 3rd period - Slapshot by Shea Theodore.
10:30 of 3rd period - Shot Misses the Net.
10:32 of 3rd period - Slapshot by Shea Theodore.
10:32 of 3rd period - Shot Misses the Net.
10:34 of 3rd period - Slapshot by Kasperi Kapanen.
10:34 of 3rd period - Stopped by Ben Bishop without a rebound.
10:35 of 3rd period - Boone Jenner wins face-off versus Mika Zibanejad in Canucks zone.
11:10 of 3rd period - Backhand shot by Dominik Kubalik.
11:10 of 3rd period - Stopped by Darcy Kuemper with a rebound.
12:49 of 3rd period - Michael McLeod is hit by Colton Sceviour and loses puck.
13:26 of 3rd period - Snap shot by Blake Wheeler.
13:26 of 3rd period - Shot Misses the Net.
13:52 of 3rd period - Snap shot by Teuvo Teravainen.
13:52 of 3rd period - Shot Blocked by Darnell Nurse.
14:54 of 3rd period - Snap shot by Alex Tuch.
14:54 of 3rd period - Deflect By Gabriel Landeskog.
14:54 of 3rd period - Stopped by Darcy Kuemper with a rebound.
14:56 of 3rd period - Snap shot by Dominik Kubalik.
14:56 of 3rd period - Stopped by Darcy Kuemper without a rebound.
14:57 of 3rd period - Ryan Getzlaf wins face-off versus Dylan Larkin in Sharks zone.
15:00 of 3rd period - Snap shot by Alex Tuch.
15:00 of 3rd period - Shot Misses the Net.
15:06 of 3rd period - Alex Tuch is hit by Oliver Wahlstrom and loses puck.
15:21 of 3rd period - Dylan Larkin is hit by Matt Grzelcyk and loses puck.
15:26 of 3rd period - Snap shot by Dominik Kubalik.
15:26 of 3rd period - Shot Blocked by Shea Theodore.
15:34 of 3rd period - Dominik Kubalik is hit by Dylan Larkin and loses puck.
15:58 of 3rd period - Slapshot by Teuvo Teravainen.
15:58 of 3rd period - Stopped by Ben Bishop without a rebound.
15:59 of 3rd period - Robert Thomas wins face-off versus Mika Zibanejad in Canucks zone.
16:27 of 3rd period - Wrist shot by Jason Dickinson.
16:27 of 3rd period - Shot Misses the Net.
17:31 of 3rd period - Snap shot by Boone Jenner.
17:31 of 3rd period - Stopped by Ben Bishop with a rebound.
17:33 of 3rd period - Minor Penalty to Quinn Hughes for Holding.
17:34 of 3rd period - Mika Zibanejad wins face-off versus Sidney Crosby in Canucks zone.
17:51 of 3rd period - Wrist shot by Blake Wheeler.
17:51 of 3rd period - Shot Misses the Net.
18:10 of 3rd period - Slapshot by Shea Theodore.
18:10 of 3rd period - Deflect By Teuvo Teravainen.
18:10 of 3rd period - Goal by Teuvo Teravainen - Canucks : 2 - Sharks : 3.
18:11 of 3rd period - Boone Jenner wins face-off versus Jason Dickinson in neutral zone.
18:41 of 3rd period - Alex Killorn is hit by Mark Borowiecki and loses puck.
19:02 of 3rd period - Canucks, Ben Bishop is pulled from the net.
19:12 of 3rd period - Wrist shot by Blake Wheeler.
19:12 of 3rd period - Shot Misses the Net.
19:18 of 3rd period - Wrist shot by Blake Wheeler.
19:18 of 3rd period - Shot Blocked by Colton Sceviour.
19:20 of 3rd period - Snap shot by Blake Wheeler.
19:20 of 3rd period - Shot Blocked by Alex Pietrangelo.
19:22 of 3rd period - Wrist shot by Blake Wheeler.
19:22 of 3rd period - Stopped by Darcy Kuemper with a rebound.
19:42 of 3rd period - Colton Sceviour is hit by Alex Killorn and loses puck.
Goals for this period are 1 for Canucks vs 2 for Sharks.
Shots for this period are 12 for Canucks vs 13 for Sharks. Output by the SimonT Hockey Simulator (STHS) for Alexandre Lamarre - Original Page W3C HTML5 Valid
Hockey Simulator - Hockey Simulation - Hockey Manager